SL
BUCKHEAD BOWTIES @ SAN MATEO DIRTY REDS
07/09/2042
 
TOP OF THE 1ST
Buckhead Bowties batting - Pitching for San Mateo Dirty Reds : RHP Travis Morgan
Pitching: RHP Travis Morgan
Batting: SHB Silvio Capitanio 0-0: Called Strike
0-1: Ball
1-1: Ball
2-1: Ball
3-1: Called Strike
3-2: SINGLE (Line Drive, 7S, EV 96.9 MPH)
Batting: LHB Marcus Shill 0-0: Called Strike
0-1: Called Strike
0-2: Strikes out swinging
Batting: LHB Jesús Encarnación 0-0: Ball
1-0: Called Strike
1-1: Ball
2-1: Foul Ball, location: 2F
2-2: Foul Ball, location: 2F
2-2: Ball
3-2: 2-RUN HOME RUN (Flyball, 7D, EV 98.1 MPH), Distance : 343 ft
Batting: LHB Jared Schneider 0-0: Called Strike
0-1: Ground out 5-3 (Groundball, 56, EV 81.2 MPH)
Batting: LHB Spencer Powell 0-0: Ball
1-0: Ball
2-0: SOLO HOME RUN (Flyball, 89XD, EV 103.8 MPH), Distance : 383 ft
Batting: LHB Charles Godard 0-0: Ball
1-0: Ball
2-0: Called Strike
2-1: Called Strike
2-2: Ball
3-2: Strikes out swinging
Top of the 1st over - 3 runs, 3 hits, 0 errors, 0 left on base; Buckhead 3 - San Mateo 0
BOTTOM OF THE 1ST
San Mateo Dirty Reds batting - Pitching for Buckhead Bowties : RHP Dave Becker
Pitching: RHP Dave Becker
Batting: SHB Shiki Sanu 0-0: Swinging Strike
0-1: Foul Ball, location: 2F
0-2: Ball
1-2: Ball
2-2: Ball
3-2: Fly out, F7 (Line Drive, 7, EV 91.2 MPH)
Batting: RHB Kawenaula Alohalani 0-0: Ball
1-0: Called Strike
1-1: Called Strike
1-2: Foul Ball, location: 2F
1-2: Ball
2-2: DOUBLE (Line Drive, 78XD, EV 103.8 MPH)
Batting: LHB Esteban Sifuentes 0-0: Ball
1-0: Fly out, F9 (Flyball, 9LM, EV 78.8 MPH)
Batting: RHB Javier Sierra 0-0: Ball
1-0: Ball
2-0: Called Strike
2-1: Foul Ball, location: 2F
2-2: SINGLE (Groundball, 56D, EV 100.6 MPH)
Kawenaula Alohalani to third
Runner from 3rd tries for Home, SAFE, throw by LF to home
Batting: RHB Dong-young Won 0-0: Fly out, F8 (Flyball, 8LXD, EV 98.8 MPH)
Bottom of the 1st over - 1 run, 2 hits, 0 errors, 1 left on base; Buckhead 3 - San Mateo 1
TOP OF THE 2ND
Buckhead Bowties batting - Pitching for San Mateo Dirty Reds : RHP Travis Morgan
Batting: RHB Juan Barrón 0-0: Fly out, F7 (Flyball, 7LM, EV 78.8 MPH)
Batting: RHB Obiniana Romulo 0-0: Ball
1-0: Foul Ball, location: 2F
1-1: Foul Ball, location: 2F
1-2: Ball
2-2: Ball
3-2: Base on Balls
Batting: RHB Cam Lumsden 0-0: Called Strike
Obiniana Romulo steals 2nd, throwing error, E2
Obiniana Romulo to third
0-1: Ball
1-1: Ground out 6-3 (Groundball, 6, EV 94.4 MPH)
Obiniana Romulo scores
Batting: SHB Silvio Capitanio 0-0: Called Strike
0-1: Called Strike
0-2: Fly out, F6 (Popup, 6M, EV 53.8 MPH)
Top of the 2nd over - 1 run, 0 hits, 1 error, 0 left on base; Buckhead 4 - San Mateo 1
BOTTOM OF THE 2ND
San Mateo Dirty Reds batting - Pitching for Buckhead Bowties : RHP Dave Becker
Batting: LHB Palaie Gaoteote 0-0: Swinging Strike
0-1: Fly out, F8 (Flyball, 89D, EV 107.5 MPH)
Batting: RHB Ambrose Watkins 0-0: Foul Ball, location: 2F
0-1: Ball
1-1: Called Strike
1-2: Strikes out swinging
Batting: LHB Richard Edwards 0-0: Foul Ball, location: 2F
0-1: Foul Ball, location: 2F
0-2: Ball
1-2: Foul Ball, location: 2F
1-2: Ball
2-2: Ground out 6-3 (Groundball, 6M, EV 85.6 MPH)
Bottom of the 2nd over - 0 runs, 0 hits, 0 errors, 0 left on base; Buckhead 4 - San Mateo 1
TOP OF THE 3RD
Buckhead Bowties batting - Pitching for San Mateo Dirty Reds : RHP Travis Morgan
Batting: LHB Marcus Shill 0-0: Ball
1-0: Ball
2-0: Ball
3-0: Base on Balls
Batting: LHB Jesús Encarnación 0-0: Ball
1-0: Ball
2-0: Foul Ball, location: 2F
2-1: Ball
3-1: Foul Ball, location: 2F
3-2: SINGLE (Flyball, 78S, EV 94.4 MPH)
Marcus Shill to second
Batting: LHB Jared Schneider 0-0: Swinging Strike
0-1: Foul Ball, location: 2F
0-2: Ball
1-2: Foul Ball, location: 2F
1-2: Fielders Choice at 2nd, 4-6 (Groundball, 4, EV 85.6 MPH)
Marcus Shill to third
Batting: LHB Spencer Powell 0-0: Ball
1-0: Called Strike
1-1: Ball
2-1: Foul Ball, location: 2F
2-2: Strikes out looking
Batting: LHB Charles Godard 0-0: Called Strike
0-1: Ball
1-1: Foul Ball, location: 2F
1-2: Fielders Choice at 2nd, U4 (Groundball, 4M, EV 90.0 MPH)
Top of the 3rd over - 0 runs, 1 hit, 0 errors, 2 left on base; Buckhead 4 - San Mateo 1
BOTTOM OF THE 3RD
San Mateo Dirty Reds batting - Pitching for Buckhead Bowties : RHP Dave Becker
Batting: LHB Walker Ragland 0-0: Called Strike
0-1: Swinging Strike
0-2: Ball
1-2: SINGLE (Groundball, 4MD, EV 100.6 MPH)
Batting: SHB Shiki Sanu 0-0: Called Strike
0-1: Ball
1-1: Foul Ball, location: 2F
1-2: Foul Ball, location: 2F
1-2: Strikes out swinging
Batting: RHB Kawenaula Alohalani 0-0: Ball
1-0: Foul Ball, location: 2F
1-1: Ball
2-1: Fly out, F9 (Line Drive, 9, EV 87.5 MPH)
Batting: LHB Esteban Sifuentes 0-0: Foul Ball, location: 2F
0-1: Swinging Strike
0-2: Ball
1-2: Strikes out swinging
Bottom of the 3rd over - 0 runs, 1 hit, 0 errors, 1 left on base; Buckhead 4 - San Mateo 1
TOP OF THE 4TH
Buckhead Bowties batting - Pitching for San Mateo Dirty Reds : RHP Travis Morgan
Batting: RHB Juan Barrón 0-0: Ball
1-0: Foul Ball, location: 2F
1-1: Swinging Strike
1-2: Ball
2-2: Strikes out looking
Batting: RHB Obiniana Romulo 0-0: Ground out 6-3 (Groundball, 6S, EV 86.2 MPH)
Batting: RHB Cam Lumsden 0-0: Fly out, F1 (Line Drive, P, EV 67.5 MPH)
Top of the 4th over - 0 runs, 0 hits, 0 errors, 0 left on base; Buckhead 4 - San Mateo 1
BOTTOM OF THE 4TH
San Mateo Dirty Reds batting - Pitching for Buckhead Bowties : RHP Dave Becker
Batting: RHB Javier Sierra 0-0: Foul Ball, location: 2F
0-1: Called Strike
0-2: Foul Ball, location: 2F
0-2: Ball
1-2: Fly out, F9 (Flyball, 9D, EV 102.5 MPH)
Batting: RHB Dong-young Won 0-0: Foul Ball, location: 2F
0-1: Ball
1-1: Ball
2-1: Fly out, F8 (Flyball, 8LS, EV 91.9 MPH)
Batting: LHB Palaie Gaoteote 0-0: Called Strike
0-1: Foul Ball, location: 2F
0-2: Ball
1-2: Ball
2-2: Fly out, F7 (Flyball, 78S, EV 84.4 MPH)
Bottom of the 4th over - 0 runs, 0 hits, 0 errors, 0 left on base; Buckhead 4 - San Mateo 1
TOP OF THE 5TH
Buckhead Bowties batting - Pitching for San Mateo Dirty Reds : RHP Travis Morgan
Batting: SHB Silvio Capitanio 0-0: Ball
1-0: Fly out, F9 (Flyball, 9, EV 96.2 MPH)
Batting: LHB Marcus Shill 0-0: Called Strike
0-1: Ball
1-1: Ball
2-1: Called Strike
2-2: Foul Ball, location: 2F
2-2: Ball
3-2: Ground out 3-1 (Groundball, 34S, EV 88.8 MPH)
Batting: LHB Jesús Encarnación 0-0: Swinging Strike
0-1: Ball
1-1: Foul Ball, location: 2F
1-2: Foul Ball, location: 2F
1-2: Foul Ball, location: 2F
1-2: Strikes out looking
Top of the 5th over - 0 runs, 0 hits, 0 errors, 0 left on base; Buckhead 4 - San Mateo 1
BOTTOM OF THE 5TH
San Mateo Dirty Reds batting - Pitching for Buckhead Bowties : RHP Dave Becker
Batting: RHB Ambrose Watkins 0-0: Swinging Strike
0-1: Ball
1-1: Foul Ball, location: 2F
1-2: Ball
2-2: Foul Ball, location: 2F
2-2: Foul Ball, location: 2F
2-2: Foul Ball, location: 2F
2-2: SINGLE (Groundball, 3D, EV 101.2 MPH)
Batting: LHB Richard Edwards 0-0: Ball
1-0: Ball
2-0: Sac Bunt to 5S - play at first, batter OUT! 5-4
Ambrose Watkins to second
Batting: LHB Walker Ragland 0-0: Ground out 6-3 (Groundball, 6, EV 109.4 MPH)
Batting: SHB Shiki Sanu 0-0: Ball
1-0: Ball
2-0: Foul Ball, location: 2F
2-1: Foul Ball, location: 2F
2-2: Strikes out swinging
Bottom of the 5th over - 0 runs, 1 hit, 0 errors, 1 left on base; Buckhead 4 - San Mateo 1
TOP OF THE 6TH
Buckhead Bowties batting - Pitching for San Mateo Dirty Reds : RHP Travis Morgan
Batting: LHB Jared Schneider 0-0: Ball
1-0: Ball
2-0: Called Strike
2-1: Foul Ball, location: 2F
2-2: SINGLE (Line Drive, 7LM, EV 110.6 MPH)
Batting: LHB Spencer Powell 0-0: Called Strike
0-1: Called Strike
0-2: Grounds into double play, 5-4-3 (Groundball, 56, EV 102.5 MPH)
Batting: LHB Charles Godard 0-0: Ball
1-0: Fly out, F8 (Flyball, 8LM, EV 70.0 MPH)
Top of the 6th over - 0 runs, 1 hit, 0 errors, 0 left on base; Buckhead 4 - San Mateo 1
BOTTOM OF THE 6TH
San Mateo Dirty Reds batting - Pitching for Buckhead Bowties : RHP Dave Becker
Batting: RHB Kawenaula Alohalani 0-0: Called Strike
0-1: Ground out 5-3 (Groundball, 5, EV 83.8 MPH)
Batting: LHB Esteban Sifuentes 0-0: Foul Ball, location: 2F
0-1: SINGLE (Groundball, 6M, EV 96.9 MPH)
Batting: RHB Javier Sierra 0-0: Ball
1-0: Called Strike
1-1: Foul Ball, location: 2F
1-2: Ball
2-2: Foul Ball, location: 2F
2-2: Foul Ball, location: 2F
2-2: Fly out, F6 (Popup, 15S, EV 87.5 MPH)
Batting: RHB Dong-young Won 0-0: Ball
1-0: Ground out 3-1 (Groundball, 34S, EV 90.6 MPH)
Bottom of the 6th over - 0 runs, 1 hit, 0 errors, 1 left on base; Buckhead 4 - San Mateo 1
TOP OF THE 7TH
Buckhead Bowties batting - Pitching for San Mateo Dirty Reds : RHP Travis Morgan
Batting: RHB Juan Barrón 0-0: Foul Ball, location: 2F
0-1: Ground out 1-3 (Groundball, 13S, EV 71.9 MPH)
Batting: RHB Obiniana Romulo 0-0: Hit by Pitch
Batting: RHB Cam Lumsden 0-0: Foul Ball, location: 2F
0-1: Ball
1-1: Ball
2-1: Swinging Strike
2-2: Foul Ball, location: 2F
2-2: Strikes out swinging
Pitching: RHP Jefferson Suhendro
Batting: SHB Silvio Capitanio 0-0: Called Strike
0-1: Fielders Choice at 2nd, 5-4 (Groundball, 56, EV 88.8 MPH)
Top of the 7th over - 0 runs, 0 hits, 0 errors, 1 left on base; Buckhead 4 - San Mateo 1
BOTTOM OF THE 7TH
San Mateo Dirty Reds batting - Pitching for Buckhead Bowties : RHP Dave Becker
Batting: LHB Palaie Gaoteote 0-0: Ground out 4-3 (Groundball, 34, EV 105.6 MPH)
Batting: RHB Ambrose Watkins 0-0: Called Strike
0-1: Ball
1-1: Foul Ball, location: 2F
1-2: DOUBLE (Flyball, 8RD, EV 90.6 MPH)
Pitching: RHP Pascal Martin
Batting: LHB Richard Edwards 0-0: Ball
1-0: Ground out 3-1 (Groundball, 34S, EV 75.0 MPH)
Ambrose Watkins to third
Batting: LHB Walker Ragland 0-0: Called Strike
0-1: Ball
1-1: SINGLE (Groundball, 4, EV 105.0 MPH) (infield hit)
Ambrose Watkins scores
Batting: SHB Shiki Sanu 0-0: Foul Ball, location: 2F
0-1: Ball
1-1: Ball
2-1: Ball
3-1: SINGLE (Groundball, 56D, EV 98.1 MPH)
Walker Ragland to second
Batting: RHB Kawenaula Alohalani 0-0: Foul Ball, location: 2F
0-1: Ball
1-1: Called Strike
1-2: Ball
2-2: Foul Ball, location: 2F
2-2: Ball
3-2: Base on Balls
Walker Ragland to third
Shiki Sanu to second
Pitching: RHP Anthony Hurst
Batting: LHB Esteban Sifuentes 0-0: DOUBLE (Line Drive, 9LD, EV 103.8 MPH)
Walker Ragland scores
Shiki Sanu scores
Kawenaula Alohalani to third
Batting: RHB Javier Sierra 0-0: Ball
1-0: Ball
2-0: Foul Ball, location: 2F
2-1: Foul Ball, location: 2F
2-2: Hit by Pitch
Batting: RHB Dong-young Won 0-0: Ball
1-0: Foul Ball, location: 2F
1-1: Ball
2-1: Ball
3-1: Base on Balls
Kawenaula Alohalani scores
Esteban Sifuentes to third
Javier Sierra to second
Batting: LHB Palaie Gaoteote 0-0: Called Strike
0-1: Foul Ball, location: 2F
0-2: Strikes out looking
Bottom of the 7th over - 4 runs, 4 hits, 0 errors, 3 left on base; Buckhead 4 - San Mateo 5
TOP OF THE 8TH
Buckhead Bowties batting - Pitching for San Mateo Dirty Reds : RHP Jefferson Suhendro
Pitching: LHP Urs Ehles
Batting: LHB Marcus Shill 0-0: Ball
1-0: Fly out, F7 (Flyball, 7LDF, EV 104.4 MPH)
Batting: LHB Jesús Encarnación 0-0: Ball
1-0: Foul Ball, location: 2F
1-1: Swinging Strike
1-2: Strikes out swinging
Batting: LHB Jared Schneider 0-0: Ground out 2-3 (Groundball, 15S, EV 61.2 MPH)
Top of the 8th over - 0 runs, 0 hits, 0 errors, 0 left on base; Buckhead 4 - San Mateo 5
BOTTOM OF THE 8TH
San Mateo Dirty Reds batting - Pitching for Buckhead Bowties : RHP Anthony Hurst
Batting: RHB Ambrose Watkins 0-0: Ball
1-0: Ball
2-0: Called Strike
2-1: Ball
3-1: Base on Balls
Batting: LHB Richard Edwards 0-0: Bunted foul
0-1: Bunt missed!
0-2: Foul Ball, location: 2F
0-2: Foul Ball, location: 2F
0-2: Ball
1-2: Fielders Choice at 2nd, 1-6 (Groundball, 34S, EV 88.8 MPH)
Batting: LHB Walker Ragland 0-0: Ball
1-0: Foul Ball, location: 2F
1-1: Called Strike
1-2: Ball
2-2: Fielders Choice at 2nd, 5-4 (Groundball, 5, EV 81.2 MPH)
Batting: SHB Shiki Sanu 0-0: Foul Ball, location: 2F
0-1: Ball
1-1: Ball
2-1: Ball
3-1: Foul Ball, location: 2F
3-2: Base on Balls
Walker Ragland to second
Batting: RHB Kawenaula Alohalani 0-0: Swinging Strike
0-1: Ball
1-1: Ground out 1-3 (Groundball, 15S, EV 71.2 MPH)
Bottom of the 8th over - 0 runs, 0 hits, 0 errors, 2 left on base; Buckhead 4 - San Mateo 5
TOP OF THE 9TH
Buckhead Bowties batting - Pitching for San Mateo Dirty Reds : LHP Urs Ehles
Now at 2B: Eugene Bowman
Now in LF: Paul Tate
Pinch Hitting: RHB Félix Fernández 0-0: Ball
1-0: SINGLE (Line Drive, 8RS, EV 95.0 MPH)
Pinch Hitting: RHB Barsati Saraf 0-0: Called Strike
0-1: Ball
1-1: Swinging Strike
1-2: Strikes out swinging
Batting: RHB Juan Barrón 0-0: Called Strike
0-1: Ball
1-1: Foul Ball, location: 2F
1-2: Fly out, F3 (Line Drive, 3, EV 66.2 MPH)
Lined into DP, U3 (Line Drive, 3, EV 69.4 MPH)
Top of the 9th over - 0 runs, 1 hit, 0 errors, 0 left on base; Buckhead 4 - San Mateo 5
Friday, March 26th, 2021 - OOTP Baseball 20.8 Build 74